 Dungeon Crawl Stone Soup version 0.25-a0-597-gb30770a0c0 (webtiles) character file.

Game seed: 4867021082909618913, levelgen mode: deterministic

500 Impoz the Chiller (level 7, -5/41 HPs)
             Began as a Gargoyle Ice Elementalist on Mar 15, 2020.
             Killed from afar by Ijyb (11 damage)
             ... with a bolt of acid
             ... on level 5 of the Dungeon.
             The game lasted 00:36:24 (5602 turns).

Impoz the Chiller (Gargoyle Ice Elementalist)       Turns: 5602, Time: 00:36:25

Health: -5/41      AC: 11    Str: 12    XL:     7   Next: 16%
Magic:  12/12      EV: 12    Int: 17    God:
Gold:   184        SH:  4    Dex: 10    Spells: 2/13 levels left

rFire    + . .     SeeInvis .   F - +1 whip of Extermination {freeze, rF+ rC- MR++} (curse)
rCold    x . .     Gourm    .   z - +0 buckler
rNeg     + . .     Faith    .   a - +0 robe
rPois    ∞         Spirit   .   m - +0 helmet
rElec    +         Reflect  .   q - +0 cloak
rCorr    .         Harm     .   u - +2 pair of gloves
MR       ++...                  (no boots)
Stlth    ++........             (no amulet)
HPRegen  0.13/turn              (no ring)
MPRegen  0.13/turn              (no ring)

@: mighty
A: negative energy resistance 1, electricity resistance, unbreathing,
petrification resistance, rot immunity, AC +4
a: no special abilities


You were on level 5 of the Dungeon.
You were not hungry.

You visited 1 branch of the dungeon, and saw 5 of its levels.

You collected 184 gold pieces.

Inventory:

Hand Weapons
 b - a +0 mace
 j - a +0 hunting sling
 p - a +2 quarterstaff of chaos
 F - the cursed +1 whip of Extermination (weapon) {freeze, rF+ rC- MR++}
   (You found it on level 4 of the Dungeon)

   It has been specially enchanted to freeze those struck by it, causing extra
   injury to most foes and up to half again as much damage against particularly
   susceptible opponents.
   It can also slow down cold-blooded creatures.
   It protects you from fire.
   It makes you vulnerable to cold.
   It affects your resistance to hostile enchantments.
   It has a curse placed upon it.
Missiles
 n - 27 bolts
 o - 3 poisoned darts (quivered)
 r - 7 silver javelins
 t - 2 silver boomerangs
 w - 14 sling bullets
 y - 174 stones
Armour
 a - a +0 robe (worn)
 m - a +0 helmet (worn)
 q - a +0 cloak (worn)
 u - a +2 pair of gloves (worn)
 z - a +0 buckler (worn)
 D - a +0 plate armour
Wands
 E - a wand of disintegration (14)
Scrolls
 g - 4 scrolls of fear
 h - a scroll of amnesia
 i - 2 scrolls of magic mapping
 k - a scroll of identify
 l - a scroll of teleportation {unknown}
 v - a scroll of enchant weapon
 C - 2 scrolls of enchant armour {unknown}
Potions
 d - a potion of magic
 e - a potion of brilliance {unknown}
 f - 3 potions of might
 s - a potion of heal wounds {unknown}
 x - a potion of resistance
 A - a potion of lignification {unknown}
 B - a potion of mutation {unknown}
Comestibles
 c - 9 rations


   Skills:
 + Level 3.6 Fighting
 + Level 1.6 Maces & Flails
 - Level 2.0 Dodging
 - Level 3.0 Stealth
 + Level 2.1 Shields
 + Level 3.7 Spellcasting
 + Level 5.3 Ice Magic


You had 2 spell levels left.
You knew the following spells:

 Your Spells              Type           Power        Failure   Level  Hunger
a - Freeze                Ice            ###.         2%          1    None
b - Ozocubu's Armour      Chrm/Ice       ##......     21%         3    ###....
c - Frozen Ramparts       Ice            ###...       7%          3    ###....
d - Hailstorm             Conj/Ice       ##......     56%         4    ####...

Your spell library contained the following spells:

 Spells                   Type           Power        Failure   Level  Hunger
 Summon Ice Beast         Ice/Summ       ##......     56%         4    ####...


Dungeon Overview and Level Annotations

Branches:
Dungeon (5/15)
 Temple: D:4-7

Altars:
Gozag
Hepliaklqana
Trog
Uskayaw
Yredelemnul
Zin

Annotations:
D:3 Grinder
D:5 Duvessa, Ijyb


Innate Abilities, Weirdness & Mutations

You are resistant to torment.
Your stone body is resilient. (AC +4)
You are immune to poison.
You resist negative energy. (rN+)
You are resistant to electric shocks. (rElec)
You can survive without breathing.
You are immune to petrification.
You are immune to rotting.


Message History

The bullfrog skeleton barely misses you.
You hit the bullfrog skeleton.
You destroy the bullfrog skeleton!
Ijyb shouts!
Ijyb hits you but does no damage.
You closely miss Ijyb.
Ijyb zaps a wand.
The bolt of acid hits you!!
Ouch! That really hurt!
You are splashed with acid!
* * * LOW HITPOINT WARNING * * *
Okay, then.
It was a potion of might.
You feel very mighty all of a sudden. You block Ijyb's attack.
You whack Ijyb! You freeze Ijyb.
Ijyb is moderately wounded.
Ijyb zaps a wand.
The bolt of acid hits you!
You die...

#... ##...# .. ##....#
#.######## #...e# ##........##
# ....# ##..........## ## ...#
###............# ##. ..#
##..............## ###.. ..##
##.......g....)...# ##...# ...#
##.........@.......# ##..###
..e###..................###..##
..#.##......<..........##...##
..#..#.................#..###
..##..................#..##
..###...................## ..#
#..................## .##
#.............###..# #
##.)......###### ##.#


You could see Ijyb.

Vanquished Creatures
  A howler monkey (D:4)
  Crazy Yiuf (D:2)
  2 jellies (D:5)
  A bullfrog skeleton (D:5)
  An orc priest (D:4)
  A worker ant (D:4)
  An iguana (D:4)
  3 orc wizards
  A gnoll (D:3)
  4 adders
  3 oozes
  A worm (D:4)
  2 leopard geckos
  25 orcs
  3 giant cockroaches
  10 goblins
  11 hobgoblins
  4 kobolds
  4 quokkas
  A ball python (D:2)
  7 bats
  7 frilled lizards
  A leopard gecko skeleton (D:4)
  10 rats
105 creatures vanquished.

Notes
Turn   | Place    | Note
-------+----------+-------------------------------------------
     0 | D:1      | Impoz the Gargoyle Ice Elementalist began the quest for the
                  | Orb.
     0 | D:1      | Reached XP level 1. HP: 10/10 MP: 3/3
   299 | D:1      | Reached XP level 2. HP: 16/16 MP: 3/5
   846 | D:2      | Found an opulent altar of Gozag.
   903 | D:2      | Noticed a +0 hand axe
   903 | D:2      | Noticed a +0 dagger
   907 | D:2      | Found a hide-covered altar of Uskayaw.
  1162 | D:2      | Reached skill level 1 in Fighting
  1167 | D:2      | Reached XP level 3. HP: 20/20 MP: 1/6
  1279 | D:2      | Found a runed translucent door.
  1280 | D:2      | Noticed Crazy Yiuf
  1287 | D:2      | Learned a level 3 spell: Ozocubu's Armour
  1292 | D:2      | Killed Crazy Yiuf
  1292 | D:2      | Reached skill level 2 in Dodging
  1292 | D:2      | Reached XP level 4. HP: 23/25 MP: 0/7
  1430 | D:2      | Reached skill level 3 in Stealth
  1925 | D:3      | Noticed Grinder
  2013 | D:3      | Reached skill level 2 in Fighting
  2308 | D:3      | Found a glowing silver altar of Zin.
  2407 | D:3      | Reached XP level 5. HP: 30/30 MP: 4/9
  2535 | D:3      | Reached skill level 3 in Spellcasting
  2824 | D:2      | Learned a level 3 spell: Frozen Ramparts
  3008 | D:3      | Paralysed by Grinder for 7 turns
  3021 | D:3      | Paralysed by Grinder for 2 turns
  3028 | D:3      | Paralysed by Grinder for 4 turns
  3821 | D:3      | Found a bloodstained altar of Trog.
  3912 | D:3      | Reached XP level 6. HP: 29/36 MP: 6/10
  4091 | D:4      | Reached skill level 3 in Fighting
  4091 | D:4      | Reached skill level 1 in Shields
  4091 | D:4      | Reached skill level 5 in Ice Magic
  4153 | D:4      | Found a hazy altar of Hepliaklqana.
  4670 | D:4      | Found a basalt altar of Yredelemnul.
  4744 | D:4      | Got a translucent whip
  4745 | D:4      | Identified the cursed +1 whip of Extermination {freeze, rF+
                  | rC- MR++} (You found it on level 4 of the Dungeon)
  4770 | D:4      | Reached skill level 1 in Maces & Flails
  5127 | D:5      | Entered Level 5 of the Dungeon
  5192 | D:5      | Noticed Ijyb
  5204 | D:5      | Noticed Duvessa
  5336 | D:4      | Reached XP level 7. HP: 41/41 MP: 12/12
  5421 | D:5      | Reached skill level 2 in Shields
  5511 | D:5      | Learned a level 4 spell: Hailstorm
  5602 | D:5      | Killed from afar by Ijyb

Levels and vault maps discovered:
D:1:      lightli_arrival_quake, layout_basic, supply_closet_lemuel
D:2:      layout_basic, dancing_weapons_uskayaw,
          nicolae_gozag_cash_rules_everything_around_me, first_ration,
          uniq_crazy_yiuf_cottage
D:3:      minmay_spotlight, layout_loops_ring, lemuel_crystal_altar,
          lightli_temple_of_fire, minmay_diced_spiral, uniq_grinder
D:4:      layout_basic, yredelemnul_altar_generic, lemuel_crystal_altar
D:5:      layout_cave_pods, minmay_temple_entry_oklob, basic_altar, uniq_ijyb,
          uniq_blork_the_orc, uniq_duvessa

Skill      XL: |  1  2  3  4  5  6  7 |
---------------+----------------------+-----
Fighting       | 1 2 3 |  3.6
Dodging        | 2 |  2.0
Stealth        | 3 |  3.0
Spellcasting   | 3 |  3.7
Shields        | 1 2 |  2.1
Ice Magic      | 5 |  5.3
Maces & Flails | 1 |  1.6

Action                   |  1- 3 |  4- 6 |  7- 9 || total
-------------------------+-------+-------+-------++-------
Melee: Unarmed           |    20 |       |       ||    20
       Hand axe          |    44 |       |       ||    44
       Mace              |       |   155 |       ||   155
       Whip              |       |    22 |    26 ||    48
 Cast: Freeze            |    13 |    78 |     3 ||    94
       Ozocubu's Armour  |     1 |     3 |       ||     4
       Frozen Ramparts   |       |     7 |       ||     7
  Use: Scroll            |       |     8 |       ||     8
       Potion            |       |       |     1 ||     1
 Stab: Sleeping          |     2 |     7 |       ||     9
  Eat: Chunk             |     1 |    10 |     2 ||    13
       Ration            |       |     1 |       ||     1
Armor: Robe              |    27 |   113 |    15 ||   155
Dodge: Dodged            |    56 |   175 |    17 ||   248
Block: Buckler           |       |       |     2 ||     2

Table legend:
 A = Non-vault XP
 B = Vault XP
 C = Vault XP percentage of total XP
 D = Non-vault monster count
 E = Vault monster count
 F = Vault count percentage of total count
                 A         B        C        D         E       F
            +---------+---------+-------+---------+---------+-------
      Total |     645 |      70 |   9.8 |      99 |       6 |   5.7
            +---------+---------+-------+---------+---------+-------
        D:1 |      18 |       0 |   0.0 |      11 |       0 |   0.0
        D:2 |      58 |      45 |  43.7 |      23 |       1 |   4.2
        D:3 |     177 |      25 |  12.4 |      42 |       5 |  10.6
        D:4 |     262 |       0 |   0.0 |      18 |       0 |   0.0
        D:5 |     130 |       0 |   0.0 |       5 |       0 |   0.0
            +---------+---------+-------+---------+---------+-------
